[Event "*** SCC Grand Prix: Titled Tuesday Blitz"]
[Site "Chess.com"]
[Date "2020.07.07"]
[Round "3"]
[White "Meri-Arabidze"]
[Black "Eltaj_Safarli"]
[Result "0-1"]
[WhiteElo "2600"]
[BlackElo "2922"]
[TimeControl "180+1"]
[EndTime "10:27:33 PDT"]
[Termination "Eltaj_Safarli won by resignation"]

1. d4 Nf6 2. c4 g6 3. g3 d5 4. cxd5 Nxd5 5. Bg2 Bg7 6. Nf3 O-O 7. O-O c5 8. e4 Nf6 9. e5 Nd5 10. Re1 cxd4 11. Nxd4 Nc6 12. Nxc6 bxc6 13. Na3 Rb8 14.
Nc4 Ba6 15. b3 Qc7 16. Ba3 Rfd8 17. Qe2 c5 18. Rac1 e6 19. f4 Nb6 20. Qf2 Nxc4 21. bxc4 Rd4 22. Red1 Rbd8 23. Bf3 Qa5 24. Qe3 Bf8 25. Be2 h5 26. Kf2 Rxd1 27. Rxd1 Rxd1 28. Bxd1 Bxc4 29. Bb3 Bxb3 30. Qxb3 c4 0-1

[Event "*** SCC Grand Prix: Titled Tuesday Blitz"]
[Site "Chess.com"]
[Date "2020.07.07"]
[Round "3"]
[White "Andrii_Prydun"]
[Black "stoleriu"]
[Result "1/2-1/2"]
[WhiteElo "2405"]
[BlackElo "2585"]
[TimeControl "180+1"]
[EndTime "10:27:33 PDT"]
[Termination "Game drawn by agreement"]

1. d4 e6 2. Nc3 Nf6 3. e4 d5 4. Bg5 Bb4 5. Ne2 h6 6. Bxf6 Qxf6 7. a3 Bf8 8. exd5 g6 9. dxe6 Bxe6 10. Qd2 h5 11. d5 Bh6 12. Qd4 Qxd4 13. Nxd4 Bd7 14. Bb5 O-O 15. O-O a6 16. Bxd7 Nxd7 17. Rad1 Nf6 18.
Rfe1 Rad8 19. Nb3 b6 20. h3 Rfe8 21. a4 Rxe1+ 22. Rxe1 Nxd5 23. Rd1 c6 24. Nxd5 Rxd5 25. Rxd5 cxd5 26. a5 bxa5 27. Nxa5 Bc1 28. b3 Kg7 29. Nc6 Bd2 30. Kf1 Kf6 31. Ke2 Bc3 32. Ke3 Ke6 33. Nd4+ Ke5 34. Ne2 Ba5 35. f4+ Kd6 36. f5 Ke5 37.
fxg6 fxg6 38. Kd3 1/2-1/2

[Event "*** SCC Grand Prix: Titled Tuesday Blitz"]
[Site "Chess.com"]
[Date "2020.07.07"]
[Round "3"]
[White "Yashasd1995"]
[Black "davigator"]
[Result "0-1"]
[WhiteElo "2501"]
[BlackElo "2305"]
[TimeControl "180+1"]
[EndTime "10:27:33 PDT"]
[Termination "davigator won by resignation"]

1. b3 c5 2. Bb2 Nc6 3. e3 a6 4. f4 d5 5. Nf3 Bg4 6. Be2 Bxf3 7. Bxf3 Nf6 8. O-O e6 9. c4 Be7 10. Nc3 O-O 11. cxd5 exd5 12. Rc1 Rc8 13. a3 b5 14. Qe2 Na5 15. b4 Nc4 16. Rb1 d4 17. Ne4 Nxb2 18. Rxb2 d3 19. Qf2 c4 20. g4 Nd5 21. g5 f5 22. Nc3 Nxc3 23. dxc3 a5 24.
Qg2 g6 25. h4 Qb6 26. Kf2 Rfe8 27. Re1 Bf8 28. h5 Bg7 29. Bd5+ Kf8 30. hxg6 hxg6 31. Qh3 Bxc3 32. Qh7 Rc7 33. Qh6+ Ke7 34. Rh1 Bxb2 0-1

[Event "*** SCC Grand Prix: Titled Tuesday Blitz"]
[Site "Chess.com"]
[Date "2020.07.07"]
[Round "3"]
[White "j2806"]
[Black "Hippotaner"]
[Result "0-1"]
[WhiteElo "2058"]
[BlackElo "2307"]
[TimeControl "180+1"]
[EndTime "10:27:33 PDT"]
[Termination "Hippotaner won by checkmate"]

1. e4 e5 2. Nf3 Nc6 3. Bb5 a6 4. Ba4 Nf6 5. d3 d6 6. c3 g6 7. O-O Bg7 8. Nbd2 O-O 9. h3 Nd7 10. Re1 Nc5 11. Bc2 f5 12. Nf1 f4 13. d4 Nd7 14. d5 Ne7 15. c4 a5 16. a3 Nc5 17.
Bd2 a4 18. Bc3 b6 19. Bb4 Bd7 20. N1d2 h6 21. Nb1 g5 22. Nh2 Ng6 23. Nc3 Qe8 24.
Bxc5 bxc5 25. b4 axb3 26. Bxb3 Nh4 27. f3 h5 28. a4 Qc8 29. Qe2 Rb8 30. Reb1 Kh7 31.
a5 Rg8 32. a6 Bh6 33. Nb5 Bxh3 34. gxh3 Qxh3 35. Kh1 g4 36. Qf1 Qg3 37. Qg1 gxf3 38.
a7 Qg2+ 39. Qxg2 fxg2+ 40. Kg1 f3 41. axb8=Q Be3# 0-1

[Event "*** SCC Grand Prix: Titled Tuesday Blitz"]
[Site "Chess.com"]
[Date "2020.07.07"]
[Round "3"]
[White "Matibar"]
[Black "GoingKronos"]
[Result "1-0"]
[WhiteElo "2740"]
[BlackElo "2498"]
[TimeControl "180+1"]
[EndTime "10:27:34 PDT"]
[Termination "Matibar won by resignation"]

1. e4 e6 2. d4 d5 3. Nc3 Nf6 4. Bg5 Be7 5. e5 Nfd7 6. Bxe7 Qxe7 7. Qd2 O-O 8. Nb5 Nb6 9. c3 a6 10. Na3 c5 11. f4 Nc6 12. Nf3 cxd4 13. cxd4 f6 14. g3 fxe5 15. dxe5 Bd7 16. Bd3 Nb4 17. Be2 Rac8 18. O-O Nc4 19. Nxc4 dxc4 20. Qd6 Qxd6 21. exd6 b5 22. Ne5 Rfd8 23. Bg4 Nc2 24. Nxd7 Nxa1 25. Bxe6+ Kh8 26. Rxa1 Rc6 27. Ne5 Rcxd6 28. Nf7+ Kg8 29. Nxd6+ Kf8 30. Nxc4 bxc4 31. Bxc4 Rd2 32. Bxa6 Rxb2 33. a4 h5 34. a5 h4 35. gxh4 1-0

[Event "*** SCC Grand Prix: Titled Tuesday Blitz"]
[Site "Chess.com"]
[Date "2020.07.07"]
[Round "3"]
[White "mfwagnerpeixoto"]
[Black "GMNickPert"]
[Result "0-1"]
[WhiteElo "2223"]
[BlackElo "2628"]
[TimeControl "180+1"]
[EndTime "10:27:34 PDT"]
[Termination "GMNickPert won by resignation"]

1. d4 e6 2. Nf3 f5 3. d5 Nf6 4.
dxe6 d5 5. c4 Bxe6 6. Nd4 Qd7 7.
Nxe6 Qxe6 8. cxd5 Nxd5 9. e3 Bb4+ 10. Bd2 Nc6 11. Bc4 O-O-O 12. Qf3 Ne5 13. Qe2 Qc6 14. Bxd5 Qc1+ 15. Qd1 Qxd1+ 16. Kxd1 Rxd5 17. Ke2 Bxd2 18. Nxd2 Rhd8 19. Nb3 Nc4 20. Rab1 Nd2 21. Nxd2 Rxd2+ 22. Kf3 g5 23. h4 g4+ 24. Kg3 h5 25. Rhc1 R8d3 26.
Rc4 Kd7 27. Rf4 Ke6 28. Rc1 c6 29. Rc5 Rd5 30. Rxd5 cxd5 31. Rb4 b6 32. Kf4 Rxf2+ 33. Kg3 Re2 0-1

[Event "*** SCC Grand Prix: Titled Tuesday Blitz"]
[Site "Chess.com"]
[Date "2020.07.07"]
[Round "3"]
[White "IMUffeVinther-Schou"]
[Black "vanImpe"]
[Result "0-1"]
[WhiteElo "2263"]
[BlackElo "2450"]
[TimeControl "180+1"]
[EndTime "10:27:38 PDT"]
[Termination "vanImpe won by resignation"]

1. e4 c5 2. Nf3 g6 3. Bc4 Bg7 4. c3 e6 5. d4 cxd4 6. Nxd4 Ne7 7. O-O O-O 8. Bg5 h6 9. Bh4 a6 10. a4 d6 11. a5 Nd7 12. Bxe6 Bxd4 13. Bxd7 Bg7 14. Bxc8 Rxc8 15. Nd2 g5 16. Bg3 d5 17. Re1 d4 18. c4 Ng6 19. Qb3 Qd7 20.
Nf3 Rfe8 21. Qb4 Qc6 22. Nd2 h5 23. f3 h4 24. Bf2 Nf4 25. Ra3 Bf8 26. Qb3 Bxa3 27. Qxa3 Ne6 28. b3 Red8 29. Rc1 Nf4 30. b4 Ne2+ 0-1

[Event "*** SCC Grand Prix: Titled Tuesday Blitz"]
[Site "Chess.com"]
[Date "2020.07.07"]
[Round "3"]
[White "Julianos82"]
[Black "TurboSteen"]
[Result "0-1"]
[WhiteElo "2250"]
[BlackElo "1967"]
[TimeControl "180+1"]
[EndTime "10:27:38 PDT"]
[Termination "TurboSteen won by checkmate"]

1. d4 Nf6 2. Nf3 g6 3. c4 Bg7 4. Nc3 d5 5. cxd5 Nxd5 6. Na4 Nf6 7. g3 O-O 8. Bg2 Bd7 9. Nc5 b6 10. Nxd7 Nbxd7 11. O-O c5 12. b3 e5 13. Nxe5 Nxe5 14. dxe5 Ng4 15. Bxa8 Qxa8 16. Bb2 Nxe5 17. Qc2 h5 18. h4 Qc8 19. Kg2 Qc6+ 20. e4 f5 21. Rae1 f4 22. f3 fxg3 23. Bxe5 Bxe5 24. Qc4+ Kg7 25. Rd1 Rf4 26. Qd5 Qf6 27. Qd7+ Kh6 28. Qe8 Rxh4 29. Rh1 Rh2+ 30. Rxh2 gxh2 31. Qd8 Qf4 32.
Rd3 h1=Q+ 33. Kxh1 Qh2# 0-1

[Event "*** SCC Grand Prix: Titled Tuesday Blitz"]
[Site "Chess.com"]
[Date "2020.07.07"]
[Round "3"]
[White "Alexsur1981"]
[Black "Ural_bogatyr"]
[Result "1-0"]
[WhiteElo "2661"]
[BlackElo "2344"]
[TimeControl "180+1"]
[EndTime "10:27:39 PDT"]
[Termination "Alexsur1981 won by resignation"]

1. e4 e5 2. f4 Nc6 3. Nf3 d5 4. exd5 Qxd5 5. Nc3 Qe6 6. fxe5 Nxe5 7. Nxe5 Qxe5+ 8.
Qe2 Qxe2+ 9. Bxe2 Be6 10. Nb5 Kd7 11. d4 Re8 12. O-O c6 13. Nc3 Nf6 14. Bf3 Bd6 15.
Bg5 Nd5 16. Ne4 f6 17. Bd2 b6 18. Nxd6 Kxd6 19. c4 Ne7 20. b3 Nf5 21. Bf4+ Kd7 22. d5 cxd5 23. cxd5 Bf7 24. Bg4 g6 25. Bg3 Bxd5 26.
Bxf5+ gxf5 27. Rxf5 Be4 28. Rxf6 Kc8 29. Rc1+ Kb7 30.
Rc7+ Ka6 31. Rff7 Ra8 32. a4 Rhe8 33. b4 Bd5 34. Rxh7 Re2 35. Bf2 Rc2 36. Rxc2 1-0

[Event "*** SCC Grand Prix: Titled Tuesday Blitz"]
[Site "Chess.com"]
[Date "2020.07.07"]
[Round "3"]
[White "Blagorod"]
[Black "Veiso"]
[Result "0-1"]
[WhiteElo "2092"]
[BlackElo "2392"]
[TimeControl "180+1"]
[EndTime "10:27:39 PDT"]
[Termination "Veiso won by resignation"]

1. e4 c5 2. Nc3 d6 3. g3 Nc6 4. Bg2 g6 5. d3 Bg7 6. f4 Nf6 7. Nf3 O-O 8. O-O Rb8 9. h3 b5 10. Be3 a5 11. e5 Nd7 12. exd6 exd6 13. Ne4 Nf6 14. c3 b4 15. g4 Nxe4 16. dxe4 bxc3 17. bxc3 Bxc3 18. Rc1 Bg7 19. f5 Ba6 20. Rf2 Nb4 21. Rd2 Qe7 22. Rxd6 Qxe4 23. Bxc5 Be2 24. Ng5 Qf4 25. Qe1 Qxg5 26. f6 Bh6 27. Rb1 Qxc5+ 0-1

[Event "*** SCC Grand Prix: Titled Tuesday Blitz"]
[Site "Chess.com"]
[Date "2020.07.07"]
[Round "3"]
[White "csati17"]
[Black "MrTattaglia"]
[Result "0-1"]
[WhiteElo "2658"]
[BlackElo "2929"]
[TimeControl "180+1"]
[EndTime "10:27:40 PDT"]
[Termination "MrTattaglia won by resignation"]

1. Nf3 Nf6 2. g3 b6 3. Bg2 Bb7 4. O-O e6 5. c4 Be7 6. Nc3 O-O 7. b3 c5 8. Bb2 d6 9. e3 a6 10. d4 Nbd7 11. Qd3 Re8 12. Rad1 Qc7 13. h3 Rad8 14. Qb1 Qb8 15. d5 exd5 16. Nxd5 Nxd5 17. cxd5 Bf6 18. Rfe1 Bxb2 19. Qxb2 Nf6 20. Nh4 Qc8 21. e4 Qc7 22.
Nf5 Bc8 23. g4 Bxf5 24. exf5 h6 25. f4 c4 26. Rxe8+ Rxe8 27. bxc4 Qxc4 28. Qd4 Qxa2 29. g5 Nh5 30. g6 fxg6 31. fxg6 Ng3 32. Qxb6 Ne2+ 33.
Kh1 Nxf4 34. Rg1 Nxg2 35. Rxg2 Qxd5 36. Qb4 a5 37. Qc3 a4 38. h4 Ra8 39. Kg1 Qc5+ 0-1

[Event "*** SCC Grand Prix: Titled Tuesday Blitz"]
[Site "Chess.com"]
[Date "2020.07.07"]
[Round "3"]
[White "Future2700"]
[Black "Volodar_Murzin"]
[Result "0-1"]
[WhiteElo "2422"]
[BlackElo "2669"]
[TimeControl "180+1"]
[EndTime "10:27:40 PDT"]
[Termination "Volodar_Murzin won by checkmate"]

1. e4 c6 2. d4 d5 3. e5 Bf5 4. Nd2 e6 5. Nb3 Ne7 6. Nf3 Nd7 7. Be2 Ng6 8. O-O f6 9. exf6 Qxf6 10. Re1 Bd6 11. Bd3 O-O 12. Bxf5 Qxf5 13. Nbd2 e5 14. dxe5 Ndxe5 15. Re2 Nf4 16. Re1 Rae8 17. Nxe5 Nh3+ 18.
gxh3 Qxf2+ 19. Kh1 Rxe5 20. Rf1 Re1 21. Nf3 Rxf3 22.
Qxe1 Qxh2# 0-1

[Event "*** SCC Grand Prix: Titled Tuesday Blitz"]
[Site "Chess.com"]
[Date "2020.07.07"]
[Round "3"]
[White "Thee-Chessboy"]
[Black "Pintacara"]
[Result "1-0"]
[WhiteElo "2524"]
[BlackElo "2310"]
[TimeControl "180+1"]
[EndTime "10:27:41 PDT"]
[Termination "Thee-Chessboy won by resignation"]

1. d4 Nf6 2. c4 Nc6 3. Nf3 e6 4. g3 d6 5. Bg2 Be7 6. O-O e5 7.
Nc3 O-O 8. b3 exd4 9. Nxd4 Ne5 10. Bb2 c6 11. Qc2 g6 12. Rad1 Qc7 13. h3 Re8 14. e4 Bf8 15. Rfe1 Ned7 16. f4 Bg7 17. Nf3 Nc5 18. e5 dxe5 19. Nxe5 Bf5 20. Qf2 Bf8 21. b4 Ncd7 22. Nxd7 Nxd7 23. c5 h5 24. Ne4 Bxe4 25. Rxe4 Bg7 26. Bxg7 Kxg7 27. Qb2+ Nf6 28. Rd6 Re6 29. Rexe6 fxe6 30. Rxe6 Qf7 31. Qe5 Re8 32.
Rxf6 Qxf6 33. Qxe8 1-0

[Event "*** SCC Grand Prix: Titled Tuesday Blitz"]
[Site "Chess.com"]
[Date "2020.07.07"]
[Round "3"]
[White "Susal_De_Silva"]
[Black "timedothwasteme"]
[Result "1/2-1/2"]
[WhiteElo "2362"]
[BlackElo "2138"]
[TimeControl "180+1"]
[EndTime "10:27:41 PDT"]
[Termination "Game drawn by agreement"]

1. e4 c5 2. Nf3 Nc6 3. Bb5 Nf6 4. Nc3 g6 5. O-O Bg7 6. Re1 O-O 7. Bf1 d6 8. d3 Bg4 9. Be3 Nd4 10. Bxd4 cxd4 11.
Nb1 e5 12. Nbd2 Re8 13. h3 Bxf3 14. Nxf3 d5 15. Nd2 dxe4 16. Nxe4 Nxe4 17. Rxe4 f5 18. Re1 e4 19. g3 e3 20. Bg2 Qg5 21. Bxb7 Rab8 22.
Bd5+ Kh8 23. b3 exf2+ 24. Kxf2 Re3 25. Rxe3 dxe3+ 26. Kg2 f4 27. Rb1 Qxd5+ 28. Qf3 Qxf3+ 29. Kxf3 fxg3 30. Kxg3 Bd4 31. Kf3 Rf8+ 32. Ke4 e2 33. Re1 Bc3 34. Rxe2 Re8+ 35. Kf3 Rxe2 36. Kxe2 Kg7 37.
Ke3 Kf6 38. d4 a5 39. Kd3 Bb4 40. c4 Ke6 41. Ke4 h5 42. c5 g5 43. d5+ Kf6 44. c6 Bd6 45. a3 g4 46. hxg4 hxg4 47. b4 axb4 48. axb4 g3 49. Kf3 Ke7 50. b5 Kd8 51. b6 Kc8 52. Kg2 Kb8 53. Kf3 1/2-1/2

[Event "*** SCC Grand Prix: Titled Tuesday Blitz"]
[Site "Chess.com"]
[Date "2020.07.07"]
[Round "3"]
[White "reniite"]
[Black "comsac"]
[Result "0-1"]
[WhiteElo "1898"]
[BlackElo "2247"]
[TimeControl "180+1"]
[EndTime "10:27:41 PDT"]
[Termination "comsac won by resignation"]

1. e4 e5 2. Nf3 Nc6 3. Nc3 Nf6 4. Bb5 Bc5 5. Bxc6 dxc6 6. O-O Bd6 7. d3 Nd7 8. Bg5 f6 9. Bh4 O-O 10. Bg3 c5 11. b3 b6 12. Nd5 Re8 13. Qe2 Nf8 14. Ne3 Ne6 15. Nf5 Nd4 16. N5xd4 cxd4 17. a4 a6 18. a5 b5 19. Nd2 c5 20. f4 Bc7 21.
fxe5 fxe5 22. Qf2 Qe7 23. Bh4 Qe6 24. Nf3 Rf8 25. Qg3 Bd7 26. Ng5 Qg6 27. Nf3 Qxg3 28. Bxg3 Rae8 29. h3 Bc6 30. Rf2 c4 31. bxc4 bxc4 32.
Rff1 cxd3 33. cxd3 Bb5 34. Rfd1 Rf6 35. Rac1 Bxa5 36.
Bxe5 Rxf3 37. gxf3 Rxe5 38. Rc8+ Re8 39. Rxe8+ Bxe8 40. Ra1 Bc3 41. Rxa6 Bb5 42. Ra8+ Kf7 43. Kf2 Bxd3 44.
Ra7+ Kg6 45. Kg3 Bf1 46. Kf2 Bxh3 47. Ra6+ Kh5 48. Ra5+ Bxa5 0-1

[Event "*** SCC Grand Prix: Titled Tuesday Blitz"]
[Site "Chess.com"]
[Date "2020.07.07"]
[Round "3"]
[White "IsaacWiebe"]
[Black "KyrgyzFighter"]
[Result "0-1"]
[WhiteElo "2096"]
[BlackElo "2319"]
[TimeControl "180+1"]
[EndTime "10:27:42 PDT"]
[Termination "KyrgyzFighter won by checkmate"]

1. d4 f5 2. g3 Nf6 3. Bg2 g6 4. c4 Bg7 5. Nh3 O-O 6. O-O d6 7. Nf4 c6 8. d5 e5 9. dxe6 Na6 10. h4 Re8 11. Nc3 Bxe6 12. Nxe6 Rxe6 13. Rb1 Qe7 14.
b3 Re8 15. e3 Ng4 16. Ne2 Nc5 17. Nf4 Rf6 18. Ba3 Ne4 19. Bb2 Ne5 20. Qc2 g5 21.
Nh5 Rh6 22. Nxg7 Qxg7 23. hxg5 Qxg5 24. Rfd1 Ng4 25. Bxe4 fxe4 26. Qc3 Rh1+ 27. Kxh1 Qh5+ 28. Kg2 Qh2+ 29. Kf1 Qxf2# 0-1

[Event "*** SCC Grand Prix: Titled Tuesday Blitz"]
[Site "Chess.com"]
[Date "2020.07.07"]
[Round "3"]
[White "YellowJacek"]
[Black "dianamirza"]
[Result "1-0"]
[WhiteElo "2272"]
[BlackElo "1962"]
[TimeControl "180+1"]
[EndTime "10:27:44 PDT"]
[Termination "YellowJacek won by resignation"]

1. e4 c5 2. Nf3 e6 3. d4 cxd4 4.
Nxd4 Nc6 5. Nc3 Qc7 6. Qd3 a6 7.
Nxc6 bxc6 8. Qg3 Qxg3 9. hxg3 Nf6 10. e5 Nd5 11. Nxd5 cxd5 12. Be3 Bb7 13. Bd3 Bb4+ 14. c3 Be7 15. f4 d6 16. exd6 Bxd6 17. Kf2 f6 18. Rxh7 Rxh7 19. Bxh7 e5 20. Bf5 Ke7 21. Rh1 Rg8 22. Bd3 Ke6 23. f5+ Ke7 24. g4 a5 25.
g5 e4 26. Bb5 Bc8 27. g4 Bd7 28.
Bxd7 Kxd7 29. Rh7 fxg5 30. Bxg5 Be5 31. Ke3 Kc6 32. Bf4 Kd6 33. g5 Bxf4+ 34. Kxf4 g6 35.
f6 Ke6 36. Ra7 Rb8 37. b3 Rh8 38. Ra6+ Kf7 39. Rxa5 Rh4+ 40. Kg3 Rh5 41. Rxd5 1-0

[Event "*** SCC Grand Prix: Titled Tuesday Blitz"]
[Site "Chess.com"]
[Date "2020.07.07"]
[Round "3"]
[White "Vitor-Moraes"]
[Black "VALPARAISO37"]
[Result "0-1"]
[WhiteElo "2003"]
[BlackElo "2292"]
[TimeControl "180+1"]
[EndTime "10:27:46 PDT"]
[Termination "VALPARAISO37 won by checkmate"]

1. e4 e5 2. Nf3 Nc6 3. Bb5 a6 4. Ba4 Nf6 5. O-O Bc5 6. Re1 b5 7. Bb3 d6 8. c3 Bb6 9. d3 O-O 10.
h3 h6 11. Nbd2 Re8 12. Nf1 Be6 13. Be3 Rb8 14. Bxb6 Rxb6 15. Bc2 Ne7 16. d4 Ng6 17. dxe5 dxe5 18. Ne3 Rd6 19. Qe2 Nf4 20. Qf1 Nd7 21.
Nf5 Bxf5 22. exf5 Qa8 23. Bb3 Nxh3+ 24. Kh2 Nf4 25. Rad1 e4 26. Nd4 Nd3 27. Re3 c5 28. Ne2 c4 29. Bc2 Qb8 30. Ng3 Nf6 31. Rd2 Rdd8 32. Kh1 Ng4 33. Rxe4 Rxe4 34. Nxe4 Qh2# 0-1

[Event "*** SCC Grand Prix: Titled Tuesday Blitz"]
[Site "Chess.com"]
[Date "2020.07.07"]
[Round "3"]
[White "Gareth-Bale11"]
[Black "PIwan"]
[Result "0-1"]
[WhiteElo "2740"]
[BlackElo "2525"]
[TimeControl "180+1"]
[EndTime "10:27:47 PDT"]
[Termination "PIwan won by resignation"]

1. d4 d5 2. Nf3 Nf6 3. Bf4 e6 4.
e3 Bd6 5. Bg3 c5 6. c3 Qc7 7.
Nbd2 Nbd7 8. Rc1 O-O 9. Be2 e5 10. dxc5 Nxc5 11. c4 e4 12. Nd4 Bxg3 13. hxg3 dxc4 14.
Nxc4 Qe7 15. O-O Rd8 16. Qc2 Bg4 17. Bxg4 Nxg4 18. Na5 Nd3 19. Qc7 Qg5 20. Nxb7 Qh5 21. Rfd1 Rf8 22. Rxd3 Qh2+ 23. Kf1 exd3 24. Ke1 Qg1+ 25.
Kd2 Qxf2+ 26. Kxd3 Qxe3+ 27. Kc4 Rac8 0-1

[Event "*** SCC Grand Prix: Titled Tuesday Blitz"]
[Site "Chess.com"]
[Date "2020.07.07"]
[Round "3"]
[White "Indianlad"]
[Black "Siniauski"]
[Result "1-0"]
[WhiteElo "2953"]
[BlackElo "2459"]
[TimeControl "180+1"]
[EndTime "10:27:47 PDT"]
[Termination "Indianlad won on time"]

1. c4 Nf6 2. g3 c6 3. Bg2 d5 4. Nf3 g6 5. b3 Bg7 6. Bb2 O-O 7.
O-O e6 8. d3 b6 9. Nbd2 Bb7 10.
Rc1 Nbd7 11. Rc2 c5 12. cxd5 Bxd5 13. a3 Qe7 14. Qa1 a5 15. Rfc1 Rfd8 16. a4 Nh5 17.
Bxg7 Nxg7 18. Nc4 Rab8 19. Nfe5 Nxe5 20. Nxe5 Bxg2 21. Kxg2 Nf5 22. Rc4 Nd4 23. Qb2 Qd6 24.
Ng4 f5 25. Ne3 Qc6+ 26. f3 e5 27. b4 axb4 28. Rxb4 Qe6 29. Rxc5 Nxe2 30. Rxe5 Qd6 31. Nc4 Qxd3 32. Rxe2 Rbc8 33. Ne5 Qa6 34. Qb3+ Kh8 35. Nf7+ Kg7 36. Qb2+ Kxf7 37. Rxb6 Qxa4 38. Qf6+ Kg8 39. Re7 Rc2+ 40. Kh3 Rxh2+ 41. Kxh2 Qc2+ 42. Kh3 1-0

[Event "*** SCC Grand Prix: Titled Tuesday Blitz"]
[Site "Chess.com"]
[Date "2020.07.07"]
[Round "3"]
[White "killer311"]
[Black "TheLawAdv"]
[Result "1-0"]
[WhiteElo "2387"]
[BlackElo "2050"]
[TimeControl "180+1"]
[EndTime "10:27:49 PDT"]
[Termination "killer311 won on time"]

1. d4 Nf6 2. c4 g6 3. g3 Bg7 4. Bg2 O-O 5. Nf3 c6 6. Nc3 d5 7. cxd5 cxd5 8. O-O Nc6 9. Ne5 Bf5 10. Nxc6 bxc6 11. b3 Qd7 12. Bb2 Bh3 13. Rc1 Bxg2 14.
Kxg2 Rac8 15. Qd3 Rfe8 16. Na4 Ne4 17. f3 Ng5 18. Nc5 Qh3+ 19. Kg1 e5 20. dxe5 Bxe5 21. Bxe5 Rxe5 22. f4 Re7 23. fxg5 Rce8 24. Rf2 Re3 25. Qd2 Qg4 26. Rc2 Qxg5 27. Qd4 f5 28. Qf4 Qh5 29. Nd7 R3e6 30. Qf3 Qg5 31. h4 Qe7 32. Nc5 Re3 33. Qf4 h6 34. Kg2 1-0

[Event "*** SCC Grand Prix: Titled Tuesday Blitz"]
[Site "Chess.com"]
[Date "2020.07.07"]
[Round "3"]
[White "dodorox"]
[Black "tteshan"]
[Result "1/2-1/2"]
[WhiteElo "2077"]
[BlackElo "2300"]
[TimeControl "180+1"]
[EndTime "10:27:49 PDT"]
[Termination "Game drawn by agreement"]

1. d4 f5 2. g3 Nf6 3. Bg2 g6 4. b3 Bg7 5. Bb2 O-O 6. Nf3 d6 7. O-O Ne4 8. Nbd2 Qe8 9. c4 Nc6 10. Nxe4 fxe4 11. Ng5 e5 12. d5 Nd4 13. Nxe4 Bf5 14.
e3 Bxe4 15. Bxe4 Nf5 16. Bg2 Qf7 17. Qe2 Rae8 18. b4 a5 19. a3 b6 20. e4 Nd4 21. Bxd4 exd4 22. Qd3 axb4 23. axb4 Ra8 24. Bh3 Kh8 25. Be6 1/2-1/2

[Event "*** SCC Grand Prix: Titled Tuesday Blitz"]
[Site "Chess.com"]
[Date "2020.07.07"]
[Round "3"]
[White "Timerkhanov"]
[Black "DrVelja"]
[Result "1-0"]
[WhiteElo "2631"]
[BlackElo "2794"]
[TimeControl "180+1"]
[EndTime "10:27:52 PDT"]
[Termination "Timerkhanov won on time"]

1. d4 Nf6 2. Bg5 Ne4 3. Bf4 c5 4. f3 Qa5+ 5. c3 Nf6 6. d5 Qb6 7. e4 Qxb2 8. Nd2 Qxc3 9. Bc7 d6 10. Rb1 g6 11. Ne2 Qe3 12. Nc4 Qh6 13. Ba5 g5 14. Bd2 Qg6 15. Nc3 Bg7 16. Nb5 Na6 17. Nbxd6+ exd6 18. Nxd6+ Kf8 19. Nxc8 Rxc8 20. Rxb7 Nxe4 21.
fxe4 Qxe4+ 22. Qe2 Qxd5 23. Qe7+ Kg8 24. Bxa6 Bd4 25.
Rf1 1-0

[Event "*** SCC Grand Prix: Titled Tuesday Blitz"]
[Site "Chess.com"]
[Date "2020.07.07"]
[Round "3"]
[White "grzechu96"]
[Black "Guenplen"]
[Result "0-1"]
[WhiteElo "2652"]
[BlackElo "2903"]
[TimeControl "180+1"]
[EndTime "10:27:53 PDT"]
[Termination "Guenplen won by resignation"]

1. e4 c5 2. Nf3 e6 3. d4 cxd4 4. Nxd4 Nf6 5. Nc3 Nc6 6. a3 d5 7. exd5 exd5 8. Bb5 Bd7 9. O-O Be7 10. Bg5 O-O 11. Re1 h6 12. Bh4 Re8 13. Nf3 Be6 14.
h3 Qb6 15. Bd3 Rad8 16. Ne2 Ne4 17. Bxe7 Qxf2+ 18. Kh2 Rxe7 19. Rf1 Qb6 20. c3 Qxb2 21. Rb1 Qxa3 22. Nfd4 Nxc3 23. Nxc3 Qxc3 24. Nxc6 bxc6 25. Rf3 Qe5+ 26. Kh1 c5 27. Rc1 Rc7 0-1

[Event "*** SCC Grand Prix: Titled Tuesday Blitz"]
[Site "Chess.com"]
[Date "2020.07.07"]
[Round "3"]
[White "Herracek"]
[Black "if_name_main_a"]
[Result "1-0"]
[WhiteElo "2593"]
[BlackElo "2398"]
[TimeControl "180+1"]
[EndTime "10:27:53 PDT"]
[Termination "Herracek won by resignation"]

1. c4 c5 2. g3 Nc6 3. Bg2 g6 4. Nc3 Bg7 5. d3 e5 6. a3 Nge7 7. b4 d6 8. b5 Nd4 9. e3 Ne6 10.
Nge2 O-O 11. O-O f5 12. f4 exf4 13. gxf4 Nc7 14. Qb3 Rb8 15. Bb2 Be6 16. e4 a6 17.
b6 Na8 18. Na4 Nc8 19. Bxg7 Kxg7 20. Rab1 Bd7 21. Nec3 Bc6 22. Nd5 Bxd5 23. cxd5 Qf6 24. Qc4 Qd8 25. Qc3+ Kg8 26. Qb2 Qd7 27. Qb3 Qg7 28.
Qc4 fxe4 29. dxe4 Qh6 30. e5 dxe5 31. d6+ Kg7 32. fxe5 Qe3+ 33. Kh1 Qxe5 34. Rxf8 Kxf8 35. Rf1+ Kg7 36. Qf7+ Kh6 37. Qf8+ Qg7 38. d7 Ncxb6 39. Qxb8 Nxa4 1-0

[Event "*** SCC Grand Prix: Titled Tuesday Blitz"]
[Site "Chess.com"]
[Date "2020.07.07"]
[Round "3"]
[White "PenguinPacks"]
[Black "talaicito"]
[Result "0-1"]
[WhiteElo "2356"]
[BlackElo "2146"]
[TimeControl "180+1"]
[EndTime "10:27:53 PDT"]
[Termination "talaicito won by resignation"]

1. e4 e5 2. Nf3 Nc6 3. Bb5 a6 4. Ba4 Nf6 5. d4 b5 6. dxe5 bxa4 7. exf6 Qxf6 8. Nc3 Bb4 9. O-O Bxc3 10. bxc3 Qxc3 11. Rb1 O-O 12. Bb2 Qc4 13. Re1 d6 14. Re3 Bd7 15. Ng5 h6 16. Rc3 Qxa2 17. Nf3 Qe6 18. Qd5 Rab8 19. Qh5 Rb5 20. Qh4 Rfb8 0-1

[Event "*** SCC Grand Prix: Titled Tuesday Blitz"]
[Site "Chess.com"]
[Date "2020.07.07"]
[Round "3"]
[White "TioCridineno"]
[Black "whodee11"]
[Result "0-1"]
[WhiteElo "2097"]
[BlackElo "2321"]
[TimeControl "180+1"]
[EndTime "10:27:53 PDT"]
[Termination "whodee11 won by resignation"]

1. e4 c5 2. Nf3 Nc6 3. Bb5 g6 4.
O-O Bg7 5. Bxc6 bxc6 6. d3 Nh6 7. Nc3 O-O 8. h3 f6 9. Be3 d6 10. Qd2 Nf7 11. Rfe1 e5 12. Nh2 f5 13. f3 f4 14.
Bf2 h5 15. Ne2 g5 16. Kh1 Kh8 17. c3 Rg8 18. d4 cxd4 19. cxd4 Qf6 20. dxe5 dxe5 21.
Rac1 Bf8 22. Ng1 g4 23. fxg4 hxg4 24. hxg4 Bxg4 25. Nxg4 Rxg4 26. Nh3 Qh6 27. Qe2 Rg6 28. Kh2 Bb4 29. Red1 Rag8 30. Rg1 Ng5 31. a3 f3 32. Qf1 Bd2 33. Rc2 fxg2 34. Qxg2 Bf4+ 35. Bg3 Qxh3+ 36. Qxh3+ Nxh3 37. Kxh3 Rxg3+ 38. Rxg3 Rxg3+ 39. Kh4 Rb3 40. Rxc6 Rxb2 41. a4 Kg7 42. a5 Ra2 43. Rc7+ Kg6 44. Rxa7 Be3 45. Ra6+ Kf7 46. Kg4 Bd4 47. Kf5 Ke7 48. Ra8 Kd6 49. a6 Bb6 50. Kf6 Bd4 51. Rd8+ Kc7 52. Ra8 Kb6 53. Ke6 Rxa6 54. Re8 Kc5+ 55.
Kf5 Kc4 56. Rc8+ Kd3 57. Rb8 Ra1 58. Rb3+ Bc3 59. Rb8 Rf1+ 60. Kg4 Kxe4 61. Rc8 Bd4 0-1

[Event "*** SCC Grand Prix: Titled Tuesday Blitz"]
[Site "Chess.com"]
[Date "2020.07.07"]
[Round "3"]
[White "esrosenberg"]
[Black "GustavoJuarezF"]
[Result "1-0"]
[WhiteElo "2290"]
[BlackElo "1994"]
[TimeControl "180+1"]
[EndTime "10:27:54 PDT"]
[Termination "esrosenberg won on time"]

1. Nf3 d5 2. c4 e6 3. d4 Nf6 4. Nc3 c6 5. Bg5 Nbd7 6. e3 Be7 7. Qc2 O-O 8. Rd1 Re8 9. a3 dxc4 10. Bxc4 Nb6 11.
Ba2 Nbd5 12. Bb1 g6 13. h4 Nxc3 14. bxc3 Qa5 15. a4 Nd5 16. Bxe7 Rxe7 17. Rc1 c5 18. h5 Bd7 19. hxg6 hxg6 20. Ne5 Bxa4 21. Qd2 Rc8 22.
e4 cxd4 23. Qh6 1-0